[Event "Team 45 45 League T58"]
[Site "Internet Chess Club"]
[Date "2013.09.07"]
[Round "3"]
[White "Tobiasdelmonte"]
[Black "zigzag2002"]
[Result "0-1"]
[WhiteElo "1818"]
[BlackElo "2027"]
[Opening "Sicilian: Labourdonnais-Löwenthal (Kalashnikov) variation"]
[ECO "B32"]
[Time "19:07:33"]
[TimeControl "2700+45"]

1. e4 c5 2. Nf3 Nc6 3. d4 cxd4 4. Nxd4 e5 5. Nb5 d6 6. N1c3 a6 7. Na3 b5 8. Nd5
Nge7 9. Bg5 f6 10. Bh4 Ng6 11. Bg3 Be6 12. Be2 Nd4 13. Bh5 f5 14. exf5 Bxd5 15.
fxg6 Qf6 16. gxh7+ g6 17. O-O gxh5 18. f4 Qf5 19. fxe5 Qe4 20. Qxh5+ Kd7 21.
Qh3+ Be6 22. Qh4 Qxh4 23. Bxh4 Rxh7 24. Bf6 b4 25. Rad1 Ne2+ 26. Kf2 bxa3 27. h3
axb2 28. exd6 Bc4 29. Bxb2 Rf7+ 30. Ke3 Bh6+ 31. Ke4 Rxf1 {White resigns} 0-1

[Event "Team 45 45 League T58"]
[Site "Internet Chess Club"]
[Date "2013.09.08"]
[Round "3"]
[White "anna"]
[Black "scottk74"]
[Result "0-1"]
[WhiteElo "1698"]
[BlackElo "1644"]
[Opening "Sicilian: Alapin's variation (2.c3)"]
[ECO "B22"]
[Time "16:10:20"]
[TimeControl "2700+45"]

1. e4 c5 2. c3 Nf6 3. e5 Nd5 4. d4 cxd4 5. Qxd4 e6 6. Nf3 Nc6 7. Qe4 f5 8. Qe2
Qc7 9. g3 b5 10. Nbd2 a5 11. Nd4 Nxd4 12. cxd4 Nb4 13. Kd1 Qc2+ 14. Ke1 Qc6 15.
f3 Nc2+ 16. Kf2 Nxa1 17. Bg2 Bb7 18. Rd1 Nc2 19. Nf1 Nxd4 {White resigns} 0-1

[Event "Team 45 45 League T58"]
[Site "Internet Chess Club"]
[Date "2013.09.07"]
[Round "3"]
[White "fireball"]
[Black "Nxs123"]
[Result "1-0"]
[WhiteElo "1770"]
[BlackElo "1542"]
[Opening "French: Labourdonnais variation"]
[ECO "C00"]
[Time "11:05:06"]
[TimeControl "2700+45"]

1. e4 e6 2. f4 d5 3. e5 c5 4. Nf3 Nc6 5. Bb5 Bd7 6. O-O a6 7. Bxc6 Bxc6 8. a4 b5
9. axb5 axb5 10. Rxa8 Qxa8 11. d4 c4 12. Qe1 Ne7 13. Nh4 g6 14. Qg3 Bg7 15. f5
exf5 16. Nxf5 Nxf5 17. Rxf5 Bd7 18. Rf1 Qa7 19. Qf2 O-O 20. c3 Bf5 21. Bg5 Bd3
22. Re1 Bf5 23. Nd2 Ra8 24. Nf3 Qb6 25. Qd2 Qa6 26. Bh6 Qa4 27. Bxg7 Kxg7 28. h3
h5 29. Rf1 Bd3 30. Rf2 Qa1+ 31. Kh2 Bf5 32. Ng5 Rf8 33. Qf4 Qa7 34. g4 hxg4 35.
hxg4 Bd3 36. Ne6+ Kg8 37. Nxf8 Kxf8 38. e6 f5 39. Qh6+ Kg8 40. Qxg6+ Qg7 41.
Qxg7+ Kxg7 42. gxf5 Kf6 43. Kg3 Be4 44. Kh4 Bd3 45. Kh5 Be4 46. Kh6 Bd3 47. Kh7
Ke7 48. Kg8 Kf6 49. Kf8 Bxf5 50. e7 {Black resigns} 1-0

[Event "Team 45 45 League T58"]
[Site "Internet Chess Club"]
[Date "2013.09.07"]
[Round "3"]
[White "IshanR"]
[Black "TwoEqualsOne"]
[Result "1-0"]
[WhiteElo "1910"]
[BlackElo "1780"]
[Opening "Sicilian: Alapin's variation (2.c3)"]
[ECO "B22"]
[Time "01:00:07"]
[TimeControl "2700+45"]

1. e4 c5 2. c3 g6 3. d4 cxd4 4. cxd4 Bg7 5. Nc3 d6 6. f4 Nf6 7. Nf3 O-O 8. Bc4
Nc6 9. Be3 Ng4 10. Bg1 Be6 11. d5 Na5 12. Be2 Bd7 13. Bd4 b6 14. Bxg7 Kxg7 15.
O-O Kg8 16. Rc1 Ne3 17. Qd4 Nxf1 18. Bxf1 Rc8 19. Ba6 Rc7 20. Re1 Nb7 21. e5 Nc5
22. Bf1 Bg4 23. Nd2 Bc8 24. Nb5 Rb7 25. b4 Na6 26. Nxd6 exd6 27. Bxa6 Re7 28.
Bxc8 Qxc8 29. Ne4 dxe5 30. Nf6+ Kg7 31. fxe5 Qf5 32. Qh4 h5 33. Nxh5+ Qxh5 34.
Qxe7 {Black resigns} 1-0

[Event "Team 45 45 League T58"]
[Site "Internet Chess Club"]
[Date "2013.09.04"]
[Round "3"]
[White "latayvia"]
[Black "ScotchYeti"]
[Result "1-0"]
[WhiteElo "1740"]
[BlackElo "1659"]
[Opening "Benkö gambit: fianchetto variation"]
[ECO "A58"]
[Time "15:04:54"]
[TimeControl "2700+45"]

1. d4 Nf6 2. c4 c5 3. d5 b5 4. cxb5 a6 5. bxa6 g6 6. Nc3 Bxa6 7. Nf3 d6 8. g3
Bg7 9. Bg2 Nbd7 10. Rb1 Nb6 11. b3 O-O 12. O-O Qc7 13. Re1 Ng4 14. Bb2 Ra7 15.
e4 Nd7 16. a4 Qb6 17. Ba1 Nxf2 18. Kxf2 c4+ 19. Re3 Bh6 20. Qd4 Bxe3+ 21. Qxe3
Qxe3+ 22. Kxe3 Rb8 23. b4 Bc8 24. h3 Nb6 25. a5 Nd7 26. Nd4 Ne5 27. Nc6 Nxc6 28.
dxc6 Be6 29. Rb2 Rc8 30. e5 dxe5 31. Nb5 Ra6 32. Rd2 f5 33. c7 Kf7 34. Bb7
{Black resigns} 1-0

[Event "Team 45 45 League T58"]
[Site "Internet Chess Club"]
[Date "2013.09.07"]
[Round "3"]
[White "fledermaus"]
[Black "leland"]
[Result "1-0"]
[WhiteElo "1954"]
[BlackElo "1883"]
[Opening "Grünfeld: Russian, Szabo (Boleslavsky) variation"]
[ECO "D81"]
[Time "19:16:46"]
[TimeControl "2700+45"]

1. d4 Nf6 2. c4 g6 3. Nc3 d5 4. Qb3 dxc4 5. Qxc4 c6 6. e4 Bg7 7. Nf3 O-O 8. h3
Na6 9. e5 Nd5 10. Nxd5 cxd5 11. Qb3 Nc7 12. Bd3 Ne6 13. O-O a6 14. Be3 b5 15.
Rfc1 Rb8 16. a4 Qd7 17. axb5 Qb7 18. Qc3 axb5 19. Qb4 Re8 20. Ra5 Bd7 21. Rca1
Nc7 22. Ra7 Qb6 23. Nd2 Rb7 24. Rxb7 Qxb7 25. Nb3 Bf8 26. Nc5 Qc6 27. Qd2 Rb8
28. Bh6 Be8 29. Bxf8 Kxf8 30. f4 Kg7 31. f5 Rb6 32. Rf1 Na6 33. f6+ {Black
resigns} 1-0

[Event "Team 45 45 League T58"]
[Site "Internet Chess Club"]
[Date "2013.09.15"]
[Round "3"]
[White "LiangLiang"]
[Black "jonesey"]
[Result "1-0"]
[WhiteElo "1885"]
[BlackElo "1788"]
[Opening "Ruy Lopez: old Steinitz defense"]
[ECO "C62"]
[Time "17:54:46"]
[TimeControl "2700+45"]

1. e4 e5 2. Nf3 Nc6 3. Bb5 d6 4. d4 Bd7 5. O-O exd4 6. Nxd4 Nf6 7. Re1 Be7 8.
Nc3 Nxd4 9. Bxd7+ Qxd7 10. Qxd4 O-O 11. Bf4 Rfe8 12. Rad1 Qg4 13. Bg3 Bf8 14. f3
Qg5 15. Bf2 c6 16. a3 Re6 17. Be3 Qh4 18. g3 Qh3 19. Qd2 Nd7 20. Qg2 Qh5 21. f4
Rae8 22. f5 Re5 23. Bf4 d5 24. Bxe5 Nxe5 25. Rf1 Bc5+ 26. Kh1 Ng4 27. Qe2 dxe4
28. Rf4 {Black resigns} 1-0

[Event "Team 45 45 League T58"]
[Site "Internet Chess Club"]
[Date "2013.09.07"]
[Round "3"]
[White "gcl"]
[Black "joebobpop"]
[Result "1-0"]
[WhiteElo "1668"]
[BlackElo "1814"]
[Opening "Giuoco Piano"]
[ECO "C54"]
[Time "12:07:55"]
[TimeControl "2700+45"]

1. e4 e5 2. Nf3 Nc6 3. Bc4 Bc5 4. c3 Nf6 5. d4 exd4 6. cxd4 Bb4+ 7. Bd2 Bxd2+ 8.
Nbxd2 d5 9. exd5 Nxd5 10. Qb3 Na5 11. Qa4+ Nc6 12. Ne5 O-O 13. Nxc6 Qe8+ 14. Kd1
Nb6 15. Qb3 Qxc6 16. f3 Nxc4 17. Qxc4 Qxc4 18. Nxc4 Be6 19. Ne3 Rad8 20. Nc2 Bf5
21. Re1 Rfe8 22. Kd2 h6 23. Rxe8+ Rxe8 24. Rd1 Bxc2 25. Kxc2 Re2+ 26. Rd2 Rxd2+
27. Kxd2 f5 28. Kd3 Kf7 29. d5 g5 30. Kd4 Kf6 31. g3 h5 32. h3 b6 33. b3 a5 34.
a4 h4 35. gxh4 gxh4 36. f4 Kg7 37. Ke5 Kg6 38. Ke6 Kg7 39. Kd7 Kf7 40. Kxc7 Ke7
41. d6+ Ke8 42. d7+ Ke7 43. d8=Q+ Ke6 44. Kc6 Kf7 45. Kd6 Kg7 46. Ke6 Kg6 47.
Qg8+ Kh6 48. Kf6 b5 49. Qh8# {Black checkmated} 1-0

[Event "Team 45 45 League T58"]
[Site "Internet Chess Club"]
[Date "2013.09.07"]
[Round "3"]
[White "DouDou"]
[Black "kabindra"]
[Result "1-0"]
[WhiteElo "1919"]
[BlackElo "1650"]
[Opening "Ruy Lopez: closed (10...c5)"]
[ECO "C96"]
[Time "14:33:28"]
[TimeControl "2700+45"]

1. e4 e5 2. Nf3 Nc6 3. Bb5 a6 4. Ba4 Nf6 5. O-O Be7 6. Re1 b5 7. Bb3 d6 8. c3
O-O 9. h3 Na5 10. Bc2 c5 11. a3 Qc7 12. b4 cxb4 13. axb4 Nc4 14. d3 Nb6 15. Be3
Bb7 16. Qd2 Rac8 17. Rc1 Rfd8 18. Bb3 d5 19. Bxb6 Qxb6 20. exd5 Bxd5 21. Bxd5
Rxd5 22. Qe2 Bxb4 23. Nxe5 Bc5 24. Nd2 Bxf2+ 25. Qxf2 Qxf2+ 26. Kxf2 Rxe5 27.
Rxa6 h6 28. c4 Nd5 29. Nf3 Ree8 30. c5 Red8 31. d4 Nb4 32. Ra3 Nc6 33. Rd3 f6
34. Ke3 Nb4 35. Rb3 Nd5+ 36. Kd2 b4 37. Ne1 Ra8 38. Nc2 Ra2 39. Ra1 Rda8 40.
Rxa2 Rxa2 41. Kc1 Ra4 42. Kb2 Kf7 43. Rd3 Ke6 44. Kb3 Ra8 45. Kc4 Rb8 46. Rb3
Nf4 47. g4 Nd5 48. Nxb4 Nxb4 49. Rxb4 Rxb4+ 50. Kxb4 h5 51. c6 hxg4 52. hxg4 g6
53. Kc5 f5 54. d5+ Ke7 55. d6+ Kd8 56. d7 fxg4 57. Kd6 {Black resigns} 1-0

[Event "Team 45 45 League T58"]
[Site "Internet Chess Club"]
[Date "2013.09.07"]
[Round "3"]
[White "Otelo"]
[Black "Japeth"]
[Result "0-1"]
[WhiteElo "1794"]
[BlackElo "1847"]
[Opening "French: Tarrasch"]
[ECO "C03"]
[Time "21:02:51"]
[TimeControl "2700+45"]

1. e4 e6 2. d4 d5 3. Nd2 Be7 4. Ngf3 Nf6 5. e5 Nfd7 6. Bd3 c5 7. c3 Nc6 8. O-O
Qb6 9. Qa4 O-O 10. Bb1 cxd4 11. cxd4 f5 12. exf6 Nxf6 13. Nb3 Bd7 14. Nc5 Bxc5
15. dxc5 Qxc5 16. Qh4 e5 17. Bg5 e4 18. Bxf6 Rxf6 19. Ng5 h6 20. Nh3 Bxh3 21.
Qxh3 Raf8 22. b4 Rxf2 {White resigns} 0-1

[Event "Team 45 45 League T58"]
[Site "Internet Chess Club"]
[Date "2013.09.12"]
[Round "3"]
[White "abishekk"]
[Black "alexping"]
[Result "1/2-1/2"]
[WhiteElo "1776"]
[BlackElo "1796"]
[Opening "French: Winawer, advance variation"]
[ECO "C18"]
[Time "11:38:45"]
[TimeControl "2700+45"]

1. e4 e6 2. d4 d5 3. Nc3 Bb4 4. e5 c5 5. a3 Bxc3+ 6. bxc3 Qa5 7. Bd2 Qa4 8. Nf3
Nc6 9. Rb1 Qxa3 10. Ra1 Qb2 11. Rb1 Qa3 12. Ra1 Qb2 13. Rb1 Qa3 {Game drawn by
repetition} 1/2-1/2

[Event "Team 45 45 League T58"]
[Site "Internet Chess Club"]
[Date "2013.09.09"]
[Round "3"]
[White "SolaFide"]
[Black "CHENENE"]
[Result "1/2-1/2"]
[WhiteElo "1771"]
[BlackElo "1610"]
[Opening "French: advance, Milner-Barry gambit"]
[ECO "C02"]
[Time "09:35:20"]
[TimeControl "2700+45"]

1. e4 e6 2. d4 d5 3. e5 c5 4. c3 Nc6 5. Nf3 Qb6 6. Bd3 Bd7 7. O-O cxd4 8. cxd4
Nxd4 9. Nbd2 Nxf3+ 10. Nxf3 a6 11. Be3 Qa5 12. Ng5 Nh6 13. Nxh7 Be7 14. Bxh6
gxh6 15. Qg4 O-O-O 16. Qg7 Qd2 17. Rad1 Qf4 18. Nf6 Bxf6 19. exf6 Rhg8 20. Qxf7
Rxg2+ 21. Kxg2 Qg4+ 22. Kh1 Qf3+ {Game drawn by mutual agreement} 1/2-1/2

[Event "Team 45 45 League T58"]
[Site "Internet Chess Club"]
[Date "2013.09.07"]
[Round "3"]
[White "CaoCao"]
[Black "The7thGuest"]
[Result "0-1"]
[WhiteElo "1833"]
[BlackElo "2013"]
[Opening "Sicilian: Pelikan, Chelyabinsk variation"]
[ECO "B33"]
[Time "08:10:31"]
[TimeControl "2700+45"]

1. e4 c5 2. Nf3 Nc6 3. d4 cxd4 4. Nxd4 Nf6 5. Nc3 e5 6. Ndb5 d6 7. Bg5 a6 8. Na3
b5 9. Nd5 Be7 10. Nxe7 Nxe7 11. Bd3 Bb7 12. Qe2 Ng6 13. O-O-O O-O 14. h4 h6 15.
Bd2 Nf4 16. Bxf4 exf4 17. Kb1 Qe7 18. f3 Nh5 19. Qd2 Ng3 20. Rh2 Qe5 21. c4 Bc6
22. h5 Nxh5 23. Rh4 g6 24. Rdh1 Kg7 25. g4 fxg3 26. f4 Qd4 27. Nc2 Qf2 28. Qc3+
f6 29. Rf1 g2 30. Rxf2 g1=Q+ 31. Rf1 Qg3 32. Rxh5 gxh5 33. Nd4 Bd7 34. Ne2 Qe3
35. Rg1+ Kh8 36. Rg3 Qc5 37. f5 Qe5 38. Qd2 Rf7 39. Qxh6+ Rh7 40. Qg6 h4 41. Rg1
h3 42. Nf4 h2 43. Rh1 Qxf4 {White resigns} 0-1

[Event "Team 45 45 League T58"]
[Site "Internet Chess Club"]
[Date "2013.09.06"]
[Round "3"]
[White "byebyebadman"]
[Black "Baseta"]
[Result "0-1"]
[WhiteElo "1853"]
[BlackElo "1793"]
[Opening "French: Winawer, advance variation"]
[ECO "C16"]
[Time "15:09:46"]
[TimeControl "2700+45"]

1. e4 e6 2. d4 d5 3. Nc3 Bb4 4. e5 b6 5. Qg4 Bf8 6. Nf3 Qd7 7. a3 h5 8. Qg5 Ne7
9. Bd3 Ba6 10. Bxa6 Nxa6 11. b4 c5 12. bxc5 bxc5 13. Be3 Nf5 14. O-O g6 15. Qf6
Bg7 16. Qg5 O-O 17. Rae1 Nc7 18. Ne2 Bh6 19. Qf6 Ne8 20. Bxh6 Nxf6 21. Bxf8 Kxf8
22. exf6 cxd4 23. Nexd4 Nxd4 24. Nxd4 Qd8 25. Nc6 Qxf6 26. Rb1 Qc3 27. Nb4 a5
{White resigns} 0-1

[Event "Team 45 45 League T58"]
[Site "Internet Chess Club"]
[Date "2013.09.08"]
[Round "3"]
[White "waelag"]
[Black "yummy2"]
[Result "0-1"]
[WhiteElo "2046"]
[BlackElo "2326"]
[Opening "QGD Slav: 4.e3"]
[ECO "D11"]
[Time "11:01:41"]
[TimeControl "2700+45"]

1. d4 d5 2. c4 c6 3. Nf3 Nf6 4. e3 a6 5. Be2 g6 6. O-O Bg7 7. Re1 O-O 8. a3 Nbd7
9. Nc3 e6 10. Qc2 Qc7 11. e4 Nxe4 12. Nxe4 dxe4 13. Qxe4 e5 14. Qh4 exd4 15. Bf4
Qd8 16. Bg5 f6 17. Bd2 c5 18. Bd3 Ne5 19. Nxe5 fxe5 20. Bg5 Qc7 21. Be4 Be6 22.
b3 Rae8 23. Rac1 Rf7 24. Qg3 Kh8 25. Qh4 Bf5 26. Bd5 Rd7 27. g4 Be6 28. Be4 Kg8
29. Red1 Bf8 30. Rd3 Rg7 31. Bf6 Be7 32. Rf3 Bxf6 33. Rxf6 Rf7 34. Rxe6 Rxe6 35.
Bd5 Rd6 36. Re1 Rxd5 37. cxd5 Qd6 38. Qg5 Re7 39. f4 e4 40. f5 e3 41. fxg6 hxg6
42. Rf1 e2 43. Re1 d3 44. a4 Re5 45. Qf4 Rxd5 46. Qd2 Qe6 47. Qf4 d2 {White
resigns} 0-1

[Event "Team 45 45 League T58"]
[Site "Internet Chess Club"]
[Date "2013.09.08"]
[Round "3"]
[White "ARuperez"]
[Black "Campagnolo"]
[Result "1/2-1/2"]
[WhiteElo "2136"]
[BlackElo "2076"]
[Opening "Two knights defense (Modern bishop's opening)"]
[ECO "C55"]
[Time "13:20:23"]
[TimeControl "2700+45"]

1. e4 e5 2. Nf3 Nc6 3. Bc4 Nf6 4. d3 Be7 5. c3 d6 6. h3 Na5 7. Bb5+ Bd7 8. Bxd7+
Qxd7 9. Be3 c5 10. Nbd2 O-O 11. d4 Nc6 12. O-O Qc7 13. Rc1 Rfd8 14. Qe2 {Game
drawn by mutual agreement} 1/2-1/2

[Event "Team 45 45 League T58"]
[Site "Internet Chess Club"]
[Date "2013.09.09"]
[Round "3"]
[White "TerryMalloy"]
[Black "HematiteBrown"]
[Result "1-0"]
[WhiteElo "2041"]
[BlackElo "2040"]
[Opening "Sicilian: Najdorf, 7.f4"]
[ECO "B96"]
[Time "18:15:50"]
[TimeControl "2700+45"]

1. e4 c5 2. Nf3 d6 3. d4 cxd4 4. Nxd4 Nf6 5. Nc3 a6 6. Bg5 e6 7. f4 Bd7 8. Qd2
h6 9. Bxf6 Qxf6 10. O-O-O g5 11. g3 Nc6 12. Nf3 Qd8 13. Bg2 Qa5 14. Kb1 O-O-O
15. Rhe1 gxf4 16. Qxf4 Bg7 17. Rd3 Rh7 18. Red1 Nb4 19. Re3 Qc5 20. a3 Nxc2 21.
Kxc2 e5 22. Qxf7 Qxe3 23. Qg6 Rdh8 24. Rxd6 Bf8 25. Rd3 Qc5 26. Rd5 Qf2+ 27. Rd2
Qc5 28. Rd5 Qc6 29. Nxe5 Qxg6 30. Nxg6 Rg8 31. Nxf8 Rxf8 32. Rd2 h5 33. Nd5 Bg4
34. Kc3 h4 35. h3 Bf3 36. Rf2 Rhf7 37. gxh4 Bxg2 38. Rxg2 Rf3+ 39. Kd4 Rxh3 40.
Ne7+ Kd7 41. Nf5 Rf7 42. Ke5 Rf8 43. Rg7+ Kc6 44. Ke6 Rh2 45. b4 Ra2 46. Rg3
Re8+ 47. Ne7+ Kb5 48. e5 Rh2 49. Kd7 Rh8 50. Ng6 Rg8 51. e6 Rxh4 52. e7 Re4 53.
Ne5 Rxg3 54. e8=Q Rxa3 55. Kc7+ Kxb4 56. Nd3+ Rxd3 57. Qxe4+ Kc3 58. Kxb7 a5 59.
Qa4 Rd5 60. Kb6 Kd3 61. Kc6 Re5 62. Qb3+ Ke4 63. Qg3 Rf5 64. Qh4+ Ke5 65. Kb5
Ke6+ 66. Ka4 Re5 67. Qg4+ Kf6 68. Qf4+ Rf5 69. Qh6+ Kf7 70. Qa6 Re5 71. Kb3 Ke7
72. Kc4 Kf7 73. Kd4 Rh5 74. Ke4 Ke7 75. Qb7+ Kf6 76. Qc6+ Kg5 77. Qd5+ Kg6 78.
Qe6+ Kg5 79. Kf3 a4 80. Qg4+ Kh6 81. Qxa4 Rf5+ 82. Kg4 Rg5+ 83. Kf4 Rg8 84. Qd7
Rf8+ 85. Kg4 Rg8+ 86. Kh4 Rg6 87. Qe8 Rg8 88. Qh5+ Kg7 89. Kg5 Ra8 90. Qg6+ Kf8
91. Qd6+ Kg7 92. Qf6+ Kh7 93. Qg6+ Kh8 94. Kh6 {Black resigns} 1-0

[Event "Team 45 45 League T58"]
[Site "Internet Chess Club"]
[Date "2013.09.08"]
[Round "3"]
[White "SlimeDog2"]
[Black "jorobo"]
[Result "0-1"]
[WhiteElo "2021"]
[BlackElo "2039"]
[Opening "QGD: Semi-Tarrasch"]
[ECO "D50"]
[Time "22:30:07"]
[TimeControl "2700+45"]

1. d4 Nf6 2. c4 e6 3. Nc3 d5 4. Bg5 c5 5. cxd5 cxd4 6. Qxd4 Be7 7. O-O-O exd5 8.
Nxd5 Qxd5 9. Qxd5 Nxd5 10. Rxd5 Be6 11. Rb5 a6 12. Re5 Nc6 13. Bxe7 Nxe5 14. Bd6
Rc8+ {White resigns} 0-1

[Event "Team 45 45 League T58"]
[Site "Internet Chess Club"]
[Date "2013.09.06"]
[Round "3"]
[White "Pomberito"]
[Black "sidbuddha"]
[Result "0-1"]
[WhiteElo "2170"]
[BlackElo "2347"]
[Opening "Grünfeld: 5.Bg5"]
[ECO "D91"]
[Time "20:30:12"]
[TimeControl "2700+45"]

1. d4 Nf6 2. c4 g6 3. Nc3 d5 4. Nf3 Bg7 5. Bg5 Ne4 6. cxd5 Nxg5 7. Nxg5 e6 8.
Nf3 exd5 9. e3 O-O 10. b4 Qd6 11. Qb3 a5 12. b5 c6 13. Be2 Bg4 14. O-O Nd7 15.
Rfc1 Rfc8 16. h3 Be6 17. bxc6 bxc6 18. Ng5 Bf5 19. Qd1 c5 20. Nb5 Qe7 21. Nf3 c4
22. a4 Nf6 23. Nd2 Rab8 24. Bf3 Rb6 25. Nb1 Qe6 26. N1c3 h5 27. Qd2 Bf8 28. Na2
Ra6 29. Qb2 Rb8 30. Qd2 Qd7 31. Qe1 Be7 32. Qd2 g5 33. Nac3 g4 34. hxg4 hxg4 35.
Bd1 Bb4 36. Bc2 Ne4 37. Bxe4 Bxe4 38. Qd1 f5 39. Nxe4 fxe4 40. Rab1 Rh6 41. Nc3
Qh7 42. Qxg4+ Kh8 43. Kf1 Rg8 44. Qf4 Bd6 45. Rb7 Qg6 46. Qf7 Qxf7 47. Rxf7 Rh1+
48. Ke2 Rxc1 49. Nxd5 Rb8 50. Kd2 Rbb1 51. f3 Bb4+ 52. Nxb4 c3+ 53. Ke2 Rb2+
{White resigns} 0-1

[Event "Team 45 45 League T58"]
[Site "Internet Chess Club"]
[Date "2013.09.09"]
[Round "3"]
[White "xwang1"]
[Black "steadman"]
[Result "0-1"]
[WhiteElo "2115"]
[BlackElo "2099"]
[Opening "Sicilian: Taimanov variation"]
[ECO "B48"]
[Time "19:18:13"]
[TimeControl "2700+45"]

1. e4 c5 2. Nf3 e6 3. d4 cxd4 4. Nxd4 Nc6 5. Nc3 Qc7 6. Be3 a6 7. Qd2 Nf6 8.
O-O-O Be7 9. f3 b5 10. g4 Nxd4 11. Bxd4 Bb7 12. Bg2 Rc8 13. Kb1 b4 14. Ne2 e5
15. Bf2 d5 16. exd5 Nxd5 17. Bg3 O-O 18. Rhe1 Rfd8 19. Qc1 Bc5 20. Nd4 Nf4 21.
Nb3 Nxg2 22. Rxe5 Bd6 23. Rc5 Qxc5 24. Nxc5 Bxc5 25. a3 Bxf3 26. Rxd8+ Rxd8 27.
Qg5 Rd1+ 28. Ka2 Bd5+ 29. b3 h6 30. Qd8+ Kh7 31. c4 Bd4 32. Qxd5 Ra1# {White
checkmated} 0-1

[Event "Team 45 45 League T58"]
[Site "Internet Chess Club"]
[Date "2013.09.06"]
[Round "3"]
[White "Kueh"]
[Black "Happybear"]
[Result "1-0"]
[WhiteElo "1992"]
[BlackElo "1887"]
[Opening "French: Tarrasch"]
[ECO "C03"]
[Time "16:39:11"]
[TimeControl "2700+45"]

1. e4 e6 2. d4 d5 3. Nd2 Be7 4. Bd3 c5 5. exd5 exd5 6. dxc5 a5 7. Ngf3 Nf6 8.
O-O O-O 9. Nb3 Na6 10. Bxa6 Rxa6 11. a4 Ne4 12. Qd3 Rg6 13. Bf4 Bh3 14. Bg3 Bf5
15. Qb5 b6 16. Ne5 Rh6 17. Nd4 Nxg3 18. hxg3 Bc8 19. Ndc6 Qe8 20. cxb6 Bd6 21.
Rfe1 Bb7 22. Nxa5 Qxb5 23. axb5 Bxe5 24. Rxe5 Ra8 25. Rae1 {Black resigns} 1-0

[Event "Team 45 45 League T58"]
[Site "Internet Chess Club"]
[Date "2013.09.06"]
[Round "3"]
[White "dmarcolino"]
[Black "primerpaso"]
[Result "0-1"]
[WhiteElo "1924"]
[BlackElo "1937"]
[Opening "English: symmetrical variation"]
[ECO "A38"]
[Time "19:13:37"]
[TimeControl "2700+45"]

1. c4 Nf6 2. Nc3 g6 3. g3 c5 4. Bg2 Nc6 5. Nf3 Bg7 6. O-O O-O 7. a3 d5 8. cxd5
Nxd5 9. Qb3 Nb6 10. d3 Nd4 11. Qd1 e5 12. Bd2 Qe7 13. Rc1 Be6 14. Nxd4 exd4 15.
Ne4 Rfc8 16. Bf4 f5 17. Nd6 Rc7 18. Nb5 Rd7 19. b4 c4 20. dxc4 Bxc4 21. Rxc4
Nxc4 22. Qd3 Ne5 23. Qb3+ Kf8 24. Rd1 Nc6 25. Qc4 g5 26. Bxc6 bxc6 27. Qxc6 Rad8
28. Bc1 Qxe2 29. Rd2 Qe1+ 30. Kg2 Qe4+ 31. Qxe4 fxe4 32. a4 a6 33. Na3 Rc7 34.
Bb2 d3 35. Bxg7+ Kxg7 36. b5 Rc3 37. Nb1 Rb3 38. Rd1 axb5 39. axb5 Rxb5 40. Nc3
Re5 41. Re1 Rde8 42. Nd1 Kf7 43. Ne3 Ke7 44. Nc4 Re6 45. Nd2 Kd6 46. Nc4+ Kc5
47. Ne3 Kd4 48. Rc1 d2 49. Rd1 Kc3 50. Kf1 Kd3 51. Nd5 e3 52. Nb4+ Kc3 53. Nd5+
Kc2 54. Nxe3+ Rxe3 55. fxe3 Kxd1 {White resigns} 0-1

[Event "Team 45 45 League T58"]
[Site "Internet Chess Club"]
[Date "2013.09.04"]
[Round "3"]
[White "MisterDoob"]
[Black "f5"]
[Result "1-0"]
[WhiteElo "2278"]
[BlackElo "2138"]
[Opening "Dutch"]
[ECO "A80"]
[Time "23:02:17"]
[TimeControl "2700+45"]

1. d4 f5 2. Nc3 d5 3. Bg5 g6 4. Nf3 Bg7 5. Bf4 c6 6. e3 Nf6 7. Qd2 Be6 8. Be5
Nbd7 9. Ng5 Bg8 10. O-O-O Nxe5 11. dxe5 Ne4 12. Ncxe4 fxe4 13. Qc3 Qc7 14. f4
exf3 15. Nxf3 O-O-O 16. Be2 Kb8 17. Kb1 Rf8 18. Rhf1 Be6 19. Nd4 Qc8 20. h3 Ka8
21. Rxf8 Rxf8 22. Qc5 Re8 23. c4 Bxe5 24. Nxe6 Qxe6 25. cxd5 cxd5 26. Qxd5 Qxd5
27. Rxd5 Bd6 28. Kc2 Rc8+ 29. Kd3 Kb8 30. e4 Bg3 31. Bg4 Rf8 32. Rd7 h5 33. Be6
Bd6 34. Bd5 Rf2 35. Rxb7+ Kc8 36. e5 Bxe5 37. Rxe7 Bxb2 38. Rxa7 Be5 39. a4 Bc7
40. a5 Rf5 41. Be6+ Kb8 42. Rxc7 {Black resigns} 1-0

[Event "Team 45 45 League T58"]
[Site "Internet Chess Club"]
[Date "2013.09.08"]
[Round "3"]
[White "chess9793"]
[Black "Matusalen"]
[Result "1/2-1/2"]
[WhiteElo "2074"]
[BlackElo "2192"]
[Opening "Scandinavian: Pytel-Wade variation"]
[ECO "B01"]
[Time "18:36:06"]
[TimeControl "2700+45"]

1. e4 d5 2. exd5 Qxd5 3. Nc3 Qd6 4. d4 Nf6 5. Nf3 c6 6. h3 Bf5 7. Bc4 Nbd7 8.
O-O e6 9. Bg5 Be7 10. Qd2 O-O 11. Rfe1 Nb6 12. Bb3 Nbd5 13. Nxd5 exd5 14. Ne5
Rae8 15. c3 h6 16. Bf4 Ne4 17. Qc1 Qd8 18. f3 Nd6 19. Bc2 Bxc2 20. Qxc2 Bf6 21.
Re2 Re6 22. Rae1 Rfe8 23. g3 Bxe5 24. Bxe5 Nc4 25. Kf2 Nxe5 26. Rxe5 Rxe5 27.
Rxe5 Rxe5 28. dxe5 d4 29. cxd4 Qxd4+ 30. Kg2 {Game drawn by mutual agreement}
1/2-1/2

[Event "Team 45 45 League T58"]
[Site "Internet Chess Club"]
[Date "2013.09.08"]
[Round "3"]
[White "Chess-Dream"]
[Black "daniguti"]
[Result "1-0"]
[WhiteElo "2145"]
[BlackElo "1941"]
[Opening "Réti opening"]
[ECO "A30"]
[Time "19:00:37"]
[TimeControl "2700+45"]

1. Nf3 c5 2. c4 Nc6 3. Nc3 g6 4. e3 Bg7 5. d4 cxd4 6. exd4 d6 7. Be2 Bg4 8. Be3
Nf6 9. O-O O-O 10. h3 Bd7 11. Rc1 Rc8 12. d5 Na5 13. Nd2 b6 14. b4 Nb7 15. Nb3
h6 16. Qd2 Kh7 17. Rfd1 a5 18. a3 a4 19. Nd4 Ne8 20. Nc6 Bxc6 21. dxc6 Rxc6 22.
Bf3 Qc8 23. Bxc6 Qxc6 24. Nd5 e6 25. Nxb6 Nf6 26. b5 Qc7 27. Qc2 Nc5 28. Nxa4
{Black resigns} 1-0

[Event "Team 45 45 League T58"]
[Site "Internet Chess Club"]
[Date "2013.09.08"]
[Round "3"]
[White "CaoCao"]
[Black "Jack-ONeill"]
[Result "0-1"]
[WhiteElo "1826"]
[BlackElo "2074"]
[Opening "Sicilian: accelerated fianchetto, modern variation with Bc4"]
[ECO "B35"]
[Time "13:21:10"]
[TimeControl "2700+45"]

1. e4 c5 2. Nf3 Nc6 3. d4 cxd4 4. Nxd4 g6 5. Nc3 Bg7 6. Be3 Nf6 7. Bc4 Qa5 8.
Nb3 Qb4 9. Bd3 Nxe4 10. Bxe4 Bxc3+ 11. bxc3 Qxe4 12. O-O O-O 13. Re1 Qc4 14. Bh6
Re8 15. Qf3 Qh4 16. Bf4 d6 17. Bg3 Qg4 18. Qe3 Bf5 19. Re2 Rac8 20. h3 Qc4 21.
Bh2 a5 22. g4 Be6 23. a4 b6 24. Ree1 Rb8 25. f3 Rec8 26. Qd2 Nd8 27. Re3 Nc6 28.
Re4 Qa6 29. Rae1 Qa7 30. Kg2 Qb7 31. Qh6 Bd5 32. R4e3 e5 33. Rd3 Bxb3 34. cxb3
Qe7 35. Qd2 Rd8 36. Bg1 Qe6 37. Rd5 Ne7 38. Rb5 d5 39. Qe3 f6 40. Rxb6 Rxb6 41.
Qxb6 Qxb6 42. Bxb6 Rb8 43. Bxa5 Rxb3 44. g5 Nc6 45. Bb4 d4 46. Rc1 Nxb4 47. cxb4
Rxb4 48. Ra1 fxg5 49. a5 Rb2+ 50. Kf1 Rb7 51. a6 Ra7 52. Ke2 Kf7 53. Kd3 Ke6 54.
Ke4 Kd6 55. Ra3 Rf7 56. Ra5 Rf4+ 57. Kd3 Rxf3+ 58. Ke2 Rf8 59. a7 Ra8 60. Kd3
Kc6 61. Ke4 Kb6 62. Rxe5 Rxa7 63. Rxg5 Rd7 64. Kd3 Kc6 65. h4 Rd5 66. Rg1 Kd6
67. Rg4 Ke6 68. Rg1 Kf6 69. Ke4 Rd7 70. Rf1+ Kg7 71. Kd3 Kh6 72. Rf4 Kh5 73. Re4
h6 74. Re6 g5 75. hxg5 hxg5 76. Re8 g4 77. Rh8+ Kg5 78. Rg8+ Kf4 79. Rf8+ Kg3
80. Rg8 Kf3 81. Rf8+ Kg2 82. Rg8 g3 83. Kd2 d3 84. Kd1 d2 85. Rg6 Kf2 86. Rf6+
Kg1 87. Rg6 g2 88. Rg8 Rf7 89. Ke2 Rf2+ 90. Kd1 Kf1 {White resigns} 0-1